 Dungeon Crawl Stone Soup version 0.28-a0-861-ge64d6db94f (webtiles) character file.

Game seed: 14528507423002727668

2924 croobank the Geomancer (level 10, -5/70 HPs)
             Began as a Formicid Earth Elementalist on Nov 15, 2021.
             Was a Priest of Qazlal.
             Killed by divine providence
             ... invoked by an orc priest
              (17 damage)
             ... on level 9 of the Dungeon.
             The game lasted 01:22:29 (8909 turns).

croobank the Geomancer (FoEE)                       Turns: 8909, Time: 01:22:30

Health: -5/70      AC: 11    Str: 20    XL:     10   Next: 6%
Magic:  13/18      EV:  9    Int: 14    God:    Qazlal [***...]
Gold:   482        SH: 17    Dex: 15    Spells: 15/20 levels left

rFire   . . .      SeeInvis +   m - +5 short sword (speed)
rCold   . . .      Faith    +   I - +0 tower shield
rNeg    + + .      Spirit   .   r - +3 leather armour {Will+}
rPois   .          Reflect  .   (helmet unavailable)
rElec   .          Harm     .   H - +1 cloak
rCorr   .          Rampage  .   o - +0 pair of gloves
Will    ++...                   (no boots)
Stlth   +.........              J - amulet "Gaizitad" {Faith Fragile rN+ Str+4 Dex+3}
HPRegen 0.21/turn               D - ring of positive energy
MPRegen 0.16/turn               (no ring)

@: no status effects
A: permanent stasis, dig shafts and tunnels, antennae 3, four strong arms,
iridescent scales 1
a: Dig, Shaft Self, Renounce Religion, Upheaval, Elemental Force


You were on level 9 of the Dungeon.
You worshipped Qazlal.
Qazlal was most pleased with you.
You visited 1 branch of the dungeon, and saw 9 of its levels.
You also visited: Sewer.

You collected 482 gold pieces.

Inventory:

Hand Weapons
 d - a +2 mace of freezing
 g - a +2 hand axe of flaming
 i - a +0 spear of venom
 l - a +0 war axe
 m - a +5 short sword of speed (weapon)
 t - a +0 vorpal hand axe
 u - a +0 dagger of holy wrath
 B - a +1 flail of holy wrath
Missiles
 c - 105 stones
 e - 6 atropa-tipped darts
 s - a throwing net
Armour
 h - a +0 ring mail
 o - a +0 pair of gloves (worn)
 r - a +3 leather armour of willpower (worn)
 H - a +1 cloak (worn)
 I - a +0 tower shield (worn)
Jewellery
 D - a ring of positive energy (left hand)
 J - the amulet "Gaizitad" (around neck) {Faith Fragile rN+ Str+4 Dex+3}
   (You found it on level 7 of the Dungeon)

   [amulet of faith]

   It allows you to gain divine favour quickly.
   Str:       It affects your strength (+4).
   Dex:       It affects your dexterity (+3).
   rN:        It protects you from negative energy.
   Fragile:   It will be destroyed if unequipped.
Wands
 b - a wand of paralysis (8)
 k - a wand of flame (7)
 n - a wand of mindburst (12)
 y - a wand of iceblast (5)
Scrolls
 w - 2 scrolls of magic mapping
Potions
 a - 2 potions of mutation
 p - 2 potions of magic
 q - 2 potions of ambrosia
 v - a potion of resistance
 x - 2 potions of lignification
 z - a potion of cancellation {unknown}
 A - a potion of invisibility {unknown}
 C - 2 potions of brilliance
 E - a potion of degeneration {unknown}


   Skills:
 + Level 3.1 Fighting
 * Level 7.5 Short Blades
 - Level 1.2 Axes
 + Level 2.7 Armour
 + Level 3.4 Dodging
 + Level 3.3 Stealth
 + Level 2.9 Shields
 + Level 5.8 Spellcasting
 + Level 1.1 Transmutations
 + Level 8.2 Earth Magic
 + Level 0.9 Invocations
 + Level 2.3 Evocations


You had 15 spell levels left.
You knew the following spells:

 Your Spells              Type           Power      Damage    Failure   Level
a - Sandblast             Erth           54%        2d13      9%          1
b - Shock                 Conj/Air       16%        1d4       95%         1
c - Stone Arrow           Conj/Erth      30%        3d8       82%         3

Your spell library contained the following spells:

 Spells                   Type           Power      Damage    Failure   Level
 Passwall                 Tmut/Erth      14%        N/A       50%         2
 Summon Small Mammal      Summ           16%        N/A       95%         1
 Ensorcelled Hibernation  Hex/Ice        8%         N/A       98%         2
 Petrify                  Tmut/Erth      17%        N/A       98%         4
 Spider Form              Tmut/Pois      5%         N/A       99%         3
 Call Canine Familiar     Summ           4%         N/A       100%        3
 Summon Guardian Golem    Hex/Summ       4%         N/A       100%        3
 Airstrike                Air            2%         N/A       100%        4
 Swiftness                Air            Unusable   N/A       N/A         3

Dungeon Overview and Level Annotations

Branches:
Dungeon (8/15)             Temple (0/1) D:5           Sewer (visited)
   Lair: D:8-11

Altars:
Makhleb
Qazlal

Annotations:
D:6 HuGe's ghost, novice HOBe


Innate Abilities, Weirdness & Mutations

You cannot be hasted, slowed, berserked, paralysed or teleported.
You can dig through walls and to a lower floor.
You have a pair of large antennae on your head. (SInv)
Your four strong arms can wield two-handed weapons with a shield.
You are partially covered in iridescent scales. (AC +2)


Message History

Okay, then.
Unknown command.
Okay, then.
Unknown command.
Okay, then.
Clouds arounds you coalesce and take form!
The storm surrounding you is now too weak to repel missiles.
You will no longer adapt resistances upon receiving elemental damage.
You feel sick. You block the killer bee's attack.
You block the centaur's attack. x2; You block the killer bee's attack.
The centaur hits you.
* * * LOW HITPOINT WARNING * * *
The centaur kicks you but does no damage.
You hit the centaur.
You kill the centaur!
Qazlal accepts your kill.
You feel sick. You block the killer bee's attack. x2
Your water elemental closely misses the killer bee.
You feel sick.
The killer bee stings your water elemental. x2
Your water elemental hits the killer bee.
Your water elemental engulfs the killer bee in water!
There is an open door, spattered with blood here.
Things that are here:
a +0 shortbow; 22 arrows You feel sick.
The killer bee is asphyxiated!
The killer bee stings your water elemental but does no damage.
The killer bee stings your water elemental.
Your water elemental hits the killer bee!
The killer bee dies!
Qazlal accepts your kill.
You feel sick.
You feel sick.
You are no longer poisoned.
The orc wizard closely misses your water elemental.
You open the door.
Your water elemental disappears in a puff of smoke!
The orc priest mumbles some strange prayers to Beogh against you.
Beogh smites you!
You die...

#..######
#.... #..#
#.... #..#
#..# ##.# #
#..#######o.#
#..°.#......#
#....)o†oo..#
#@#####.....#
#....# .....#
#...........#
#....##...###
#....# ...#
#....# ....
######


You could see an orc priest and an orc wizard (invisible).

Vanquished Creatures
  Eustachio (D:5)
  Edmund (D:5)
  A water moccasin (D:5)
  3 sky beasts
  2 ice beasts (D:6)
  2 centaurs
  2 phantoms
  3 bullfrogs
  3 scorpions
  A water moccasin skeleton (D:5)
  3 killer bees (D:9)
  3 wights (D:7)
  A howler monkey (D:4)
  2 centaur zombies
  A centaur skeleton (D:4)
  A hound (D:5)
  2 jellies
  3 orc priests
  Ijyb (D:4)
  2 iguanas
  Natasha (thrice) (D:2)
  5 orc wizards
  A bullfrog simulacrum (D:6)
  A centaur simulacrum (D:6)
  2 howler monkey zombies
  Robin (D:2)
  13 adders
  A gnoll (D:1)
  A river rat (D:5)
  A shadow imp (D:6)
  5 white imps
  An ufetubus (D:5)
  An adder skeleton (D:4)
  4 worms
  A dart slug (D:1)
  20 orcs
  14 ball pythons
  5 endoplasms
  4 giant cockroaches
  7 hobgoblins
  20 jackals
  12 kobolds
  A quokka (D:3)
  6 bats
  5 frilled lizards
  20 goblins
  8 rats
201 creatures vanquished.

Vanquished Creatures (collateral kills)
  A killer bee (D:9)
  A hound (D:5)
  A jelly (D:5)
  An adder zombie (D:5)
  A jackal (D:5)
5 creatures vanquished.

Vanquished Creatures (others)
  30 plants
30 creatures vanquished.

Grand Total: 236 creatures vanquished

Notes
Turn   | Place    | Note
-------+----------+-------------------------------------------
     0 | D:1      | croobank the Formicid Earth Elementalist began the quest
                  | for the Orb.
     0 | D:1      | Reached XP level 1. HP: 13/13 MP: 3/3
   404 | D:1      | Reached skill level 4 in Earth Magic
   404 | D:1      | Reached XP level 2. HP: 19/19 MP: 3/5
   815 | D:1      | Reached XP level 3. HP: 13/24 MP: 5/7
  1462 | D:1      | Found a faded altar of an unknown god.
  1739 | D:2      | Noticed Robin
  1829 | D:2      | Reached XP level 4. HP: 19/31 MP: 3/8
  1829 | D:2      | Killed Robin
  1830 | D:2      | Reached skill level 5 in Earth Magic
  1830 | D:2      | Noticed Natasha
  1832 | D:2      | Killed Natasha
  1833 | D:2      | Reached skill level 1 in Short Blades
  2194 | D:2      | Noticed Natasha
  2281 | D:2      | Found a stormy altar of Qazlal.
  2293 | D:2      | Became a worshipper of Qazlal Stormbringer
  2377 | D:2      | Killed Natasha
  2378 | D:2      | Reached XP level 5. HP: 23/36 MP: 6/9
  2554 | D:2      | Noticed Natasha
  2558 | D:2      | Killed Natasha
  2559 | D:2      | Reached skill level 1 in Axes
  2563 | D:2      | Gained mutation: You are partially covered in iridescent
                  | scales. (AC +2) [potion of mutation]
  2705 | D:3      | Learned a level 1 spell: Shock
  2989 | D:3      | Reached * piety under Qazlal
  3157 | D:3      | Reached XP level 6. HP: 42/42 MP: 11/11
  3994 | D:4      | Reached XP level 7. HP: 47/47 MP: 10/12
  4027 | D:4      | Reached ** piety under Qazlal
  4239 | D:4      | Learned a level 3 spell: Stone Arrow
  4303 | D:4      | Noticed Ijyb
  4323 | D:4      | Killed Ijyb
  4362 | D:4      | Reached skill level 1 in Armour
  4461 | D:5      | Entered Level 5 of the Dungeon
  4477 | D:5      | Reached skill level 1 in Evocations
  4717 | D:5      | Found a staircase to the Ecumenical Temple.
  4837 | D:5      | Reached skill level 6 in Earth Magic
  4846 | D:5      | Reached skill level 5 in Short Blades
  4863 | D:5      | Reached skill level 1 in Fighting
  4998 | D:5      | Reached XP level 8. HP: 54/54 MP: 14/14
  5047 | D:5      | Found a glowing drain.
  5055 | Sewer    | Entered a sewer
  5256 | Sewer    | Reached *** piety under Qazlal
  5786 | D:5      | Noticed Eustachio
  5796 | D:5      | Killed Eustachio
  6018 | D:5      | Noticed Edmund
  6045 | D:5      | Killed Edmund
  6350 | D:5      | Found a burning altar of Makhleb.
  6513 | D:6      | Reached XP level 9. HP: 62/62 MP: 13/16
  6584 | D:6      | Reached skill level 5 in Spellcasting
  6584 | D:6      | Reached skill level 7 in Earth Magic
  6915 | D:6      | Reached skill level 1 in Shields
  6923 | D:6      | Noticed HuGe's ghost (novice HOBe)
  7112 | D:6      | Found a runed translucent gate.
  7112 | D:6      | Found a runed translucent gate.
  7114 | D:6      | Found a runed translucent gate.
  7711 | D:6      | You fall into a shaft and drop 2 floors!
  8088 | D:7      | Identified the amulet "Gaizitad" {Faith Fragile rN+ Str+4
                  | Dex+3}
  8336 | D:7      | Reached **** piety under Qazlal
  8795 | D:6      | Reached skill level 8 in Earth Magic
  8846 | D:6      | You fall into a shaft and drop 1 floor!
  8868 | D:7      | You fall into a shaft and drop 2 floors!
  8897 | D:9      | Reached XP level 10. HP: 20/70 MP: 18/18
  8909 | D:9      | Killed from afar by an orc priest

Illustrated notes

Levels and vault maps discovered:
D:1:      roderic_lyre, layout_loops_ring, shapermc_ecumenical_altar_acropolis,
          kennysheep_boxes
D:2:      layout_loops_ring, basic_altar, serial_bayou_ford_a, minivault_23,
          uniq_natasha, uniq_robin
D:3:      layout_rooms, chequers_serial_rivers_large_a, minmay_pentangle
D:4:      layout_basic, serial_bayou_crossing, uniq_ijyb
D:5:      layout_loops_ring, lightli_temple_of_fire,
          minmay_temple_entry_gardened_gates, lightli_sewer_entry_pipes,
          minmay_diced_spiral, uniq_eustachio, uniq_edmund
D:6:      layout_layer_cave, gammafunk_ghost_icy, chequers_ossuary_entry_cave,
          st_stairs_8, chequers_serial_rivers_micro_c
D:7:      layout_loops_ring, kennysheep_dice
D:8:      layout_gridville, uniq_psyche, uniq_grum
D:9:      layout_gridville, wad_dig_loot

Skill      XL: |  1  2  3  4  5  6  7  8  9 |
---------------+----------------------------+-----
Earth Magic    | 4 5 6 8 |  8.2
Short Blades   | 1 3 5 6 7 |  7.5
Spellcasting   | 3 4 5 |  5.8
Axes           | 1 |  1.2
Stealth        | 3 |  3.3
Armour         | 1 2 |  2.7
Evocations     | 1 2 |  2.3
Fighting       | 1 2 3 |  3.1
Dodging        | 2 3 |  3.4
Shields        | 2 |  2.9
Transmutations | |  1.1
Invocations    | |  0.9

Action                   |  1- 3 |  4- 6 |  7- 9 | 10-12 || total
-------------------------+-------+-------+-------+-------++-------
Melee: Unarmed           |    18 |       |       |       ||    18
       Dagger            |     6 |       |       |       ||     6
       Hand axe          |     4 |    41 |       |       ||    45
       Short sword       |       |    92 |   368 |     5 ||   465
 Cast: Sandblast         |    42 |    33 |    80 |       ||   155
       Stone Arrow       |       |       |     1 |       ||     1
Invok: Upheaval          |       |       |     3 |       ||     3
       Elemental Force   |       |       |       |     1 ||     1
 Abil: Dig               |       |     3 |     2 |       ||     5
       Shaft Self        |       |       |     3 |       ||     3
Evoke: Wand              |       |       |    26 |     1 ||    27
  Use: Scroll            |     5 |     2 |    13 |       ||    20
       Potion            |       |     3 |     1 |       ||     4
 Stab: Sleeping          |       |     1 |       |       ||     1
Armor: Robe              |     4 |    17 |       |       ||    21
       Leather armour    |       |    22 |   103 |     5 ||   130
Dodge: Dodged            |    23 |    84 |   116 |       ||   223
Block: Other             |       |     4 |    17 |       ||    21
       Tower shield      |       |       |   120 |    12 ||   132

Table legend: (Time is in decaauts)
 A = Elapsed time spent in this place.
 B = Non-inter-level travel time spent in this place.
 C = Inter-level travel time spent in this place.
 D = Time resting spent in this place.
 E = Time spent auto-exploring this place.
 F = Levels seen in this place.
 G = Mean time per level.
                   A        B        C        D        E       F      G
               +--------+--------+--------+--------+--------+-----+--------+
         Total |   8964 |   8770 |    194 |   1275 |   5201 |  10 |  896.4 |
       Dungeon |   8185 |   7991 |    194 |   1275 |   4635 |   9 |  909.4 |
         Sewer |    779 |    779 |      0 |      0 |    565 |   1 |  779.0 |
               +--------+--------+--------+--------+--------+-----+--------+

Top non-repeatable levels by time:
     D:1: 1686 daAuts
     D:6: 1450 daAuts
     D:5: 1279 daAuts
     D:2: 1007 daAuts
     D:4: 985 daAuts
     D:7: 930 daAuts
   Sewer: 779 daAuts
     D:3: 773 daAuts
     D:9: 40 daAuts
     D:8: 32 daAuts
